 Dungeon Crawl Stone Soup version 0.30.0-29-ga12c61a403 (webtiles) character file.

Game seed: 6666668961094423917

323 qw the Chopper (level 6, -6/39 HPs)
             Began as a Gargoyle Fighter on June 5, 2023.
             Mangled by a killer bee (7 damage)
             ... on level 4 of the Dungeon.
             The game lasted 00:01:39 (2933 turns).

qw the Chopper (Gargoyle Fighter)                   Turns: 2933, Time: 00:01:39

Health: -6/39      AC: 14    Str: 22    XL:     6   Next: 47%
Magic:  6/6        EV:  8    Int:  8    God:
Gold:   213        SH:  4    Dex:  9    Spells: 5/5 levels left

rFire   . . .        Y - +0 war axe
rCold   . . .        c - +0 buckler
rNeg    + . .        f - +0 chain mail
rPois   inf          (no helmet)
rElec   +            (no cloak)
rCorr   .            g - +0 pair of gloves
SInv    .            (no boots)
Will    .....        (no amulet) Stlth
                     (no ring)
HPRegen 0.26/turn    (no ring)
MPRegen 0.10/turn

%: no passive effects
@: no status effects
A: sickness immunity, AC +4, negative energy resistance 1, electricity
resistance, torment resistance 1, petrification resistance
a: no special abilities


You were on level 4 of the Dungeon.
You visited 1 branch of the dungeon, and saw 4 of its levels.

You collected 213 gold pieces.


Innate Abilities, Weirdness & Mutations

You are immune to sickness and miasma.
Your stone body is resilient. (AC +4)
You are immune to poison.
You resist negative energy. (rN+)
You are resistant to electric shocks. (rElec)
You are resistant to unholy torment.
You are immune to petrification.


   Skills:
 - Level 4.3 Fighting
 + Level 5.5 Axes
 - Level 3.2 Armour
 - Level 3.2 Shields


You had 5 spell levels left.
You didn't know any spells.
Your spell library was empty.

Inventory:

Hand Weapons
 a - a +0 flail
 Y - a +0 war axe (weapon)
Missiles
 e - 7 boomerangs (quivered)
Armour
 c - a +0 buckler (worn)
 f - a +0 chain mail (worn)
 g - a +0 pair of gloves (worn)
Wands
 p - a wand of digging (5)
Scrolls
 n - 2 scrolls of identify
Potions
 d - 2 potions of might
 h - a potion of flight {unknown}
 i - a potion of heal wounds {unknown}
 j - a potion of haste {unknown}
 k - a potion of curing
 l - a potion of attraction {unknown}
 m - a potion of invisibility {unknown}

Dungeon Overview and Level Annotations

Branches:
Dungeon (4/15)
 Temple: D:4-7

Altars:
Nemelex Xobeh


Message History

You block the killer bee's attack. The killer bee barely misses you.
You miss the killer bee. The killer bee closely misses you.
The killer bee stings you but does no damage.
You closely miss the killer bee.
The killer bee stings you but does no damage.
The killer bee barely misses you.
You closely miss the killer bee. The killer bee closely misses you.
The killer bee stings you.
The killer bee stings you but does no damage.
You slash the killer bee!
The killer bee is heavily wounded.
You block the killer bee's attack. The killer bee barely misses you.
You barely miss the killer bee.
The killer bee is heavily wounded.
The killer bee stings you but does no damage.
The killer bee stings you. You block the killer bee's attack.
You closely miss the killer bee.
The killer bee is heavily wounded.
The killer bee closely misses you.
The killer bee stings you but does no damage.
You closely miss the killer bee.
The killer bee is heavily wounded.
The killer bee stings you but does no damage. x3
You closely miss the killer bee.
The killer bee is moderately wounded.
The killer bee stings you but does no damage.
You block the killer bee's attack.
You closely miss the killer bee.
The killer bee is moderately wounded.
The killer bee stings you. The killer bee barely misses you.
The killer bee closely misses you.
You hit the killer bee.
The killer bee is heavily wounded.
The killer bee stings you. x2
You miss the killer bee.
The killer bee is heavily wounded.
The killer bee stings you but does no damage. x2
The killer bee stings you!
You die...

........###.#.##.#
###.##### #.#.##.# #.#
#...##.# ##+## #.####.#
##...## #.####.#
#..>..## #......#
.......## #.#.####
........###....#########
.<......%.......@yyyyyy.
........###....#########
.......## #.#.##
#..>..## #.### ##...##
#.######
##'#######......# #.#
#.......##.# #.#
#.#####.##.# ##.###.#
#.##.#


You could see 6 killer bees.

Vanquished Creatures
  An orc priest (D:4)
  A gnoll bouda (D:4)
  2 orc wizards
  5 adders
  7 gnolls
  2 worms
  A dart slug (D:3)
  4 orcs
  6 ball pythons
  8 endoplasms
  4 giant cockroaches
  6 goblins
  13 hobgoblins
  4 jackals (D:1)
  8 kobolds
  4 quokkas
  8 bats
  A frilled lizard (D:3)
  3 rats
88 creatures vanquished.

Notes
Turn   | Place    | Note
-------+----------+-------------------------------------------
     0 | D:1      | qw the Gargoyle Fighter began the quest for the Orb.
     0 | D:1      | Reached XP level 1. HP: 14/14 MP: 1/1
     0 | D:1      | 0 ||| qw: Version: 0.2-a-108-gee2c290
     0 | D:1      | 0 ||| qw: Game counter: 1351
     0 | D:1      | 0 ||| qw: Always use a shield: true
     0 | D:1      | 0 ||| qw: God list: Okawaru
     0 | D:1      | 0 ||| qw: Allow faded altars: false
     0 | D:1      | 0 ||| qw: Do Orc after D:15 true
     0 | D:1      | 0 ||| qw: Do second Lair branch before Depths: true
     0 | D:1      | 0 ||| qw: Lair rune preference: random
     0 | D:1      | 0 ||| qw: Plans: Normal, Zot:1-4, Slime:5, God:TSO, Crypt,
                  | Tomb, Abyss, Pan, Hells, Win
     0 | D:1      | 0 ||| PLANNING D:1-11
    38 | D:1      | 38 ||| Stepping ~*~*~tactically~*~*~ (stealth).
    46 | D:1      | Reached skill level 2 in Axes
   184 | D:1      | 184 ||| Stepping ~*~*~tactically~*~*~ (stealth).
   190 | D:1      | Reached XP level 2. HP: 17/19 MP: 2/2
   221 | D:1      | 221 ||| Stepping ~*~*~tactically~*~*~ (stealth).
   224 | D:1      | 224 ||| Stepping ~*~*~tactically~*~*~ (stealth).
   314 | D:1      | Reached skill level 3 in Axes
   407 | D:1      | Reached XP level 3. HP: 23/23 MP: 3/3
   958 | D:1      | 958 ||| UPGRADING to +0 pair of gloves.
   963 | D:1      | 963 ||| READING scroll labelled KYWKICREWAO.
   964 | D:1      | 964 ||| READING scroll labelled QAFFYM PAFI.
   965 | D:1      | 965 ||| READING scroll labelled ITARAOT HEIME.
   966 | D:1      | 966 ||| DRINKING 2 amethyst potions.
   967 | D:1      | 967 ||| DROPPING potion of brilliance.
  1196 | D:2      | 1196 ||| Stepping ~*~*~tactically~*~*~ (stealth).
  1233 | D:2      | Reached XP level 4. HP: 25/28 MP: 4/4
  1352 | D:2      | Reached skill level 4 in Axes
  1592 | D:2      | 1592 ||| DROPPING amulet of magic regeneration.
  1593 | D:2      | 1593 ||| READING scroll labelled EDOALE JOYRGH.
  1597 | D:2      | 1597 ||| READING scroll labelled AQUXUD WISHRA.
  1598 | D:2      | 1598 ||| READING scroll labelled SOIKLED KOX.
  1599 | D:2      | 1599 ||| DRINKING 2 bubbling purple potions.
  1669 | D:3      | 1669 ||| Stepping ~*~*~tactically~*~*~ (stealth).
  1675 | D:3      | 1675 ||| Stepping ~*~*~tactically~*~*~ (stealth).
  1687 | D:3      | Reached XP level 5. HP: 10/32 MP: 5/5
  1693 | D:3      | HP: 8/32 [orc wizard/puff of flame (2)]
  1697 | D:3      | Reached skill level 5 in Axes
  1788 | D:3      | 1788 ||| DROPPING +0 whip.
  1805 | D:3      | 1805 ||| Stepping ~*~*~tactically~*~*~ (hiding).
  1893 | D:3      | 1893 ||| Stepping ~*~*~tactically~*~*~ (hiding).
  1894 | D:3      | 1894 ||| Stepping ~*~*~tactically~*~*~ (hiding).
  1895 | D:3      | 1895 ||| Stepping ~*~*~tactically~*~*~ (hiding).
  2236 | D:3      | Found a sparkling altar of Nemelex Xobeh.
  2482 | D:3      | 2482 ||| UPGRADING to +0 chain mail.
  2492 | D:3      | 2492 ||| DROPPING +0 scale mail.
  2493 | D:3      | 2493 ||| READING scroll labelled GUDO XI HUGH.
  2550 | D:4      | 2550 ||| Stepping ~*~*~tactically~*~*~ (hiding).
  2561 | D:4      | Reached XP level 6. HP: 19/39 MP: 6/6
  2931 | D:4      | HP: 9/39 [killer bee (6)]
  2932 | D:4      | HP: 1/39 [killer bee (5)]
  2933 | D:4      | Mangled by a killer bee

Levels and vault maps discovered:
D:1:      minmay_arrival_diagonal_passages, layout_loops_ring,
          hangedman_decor_lopped, minmay_misc_feat_rugged
D:2:      layout_basic
D:3:      layout_loops_ring, mainiacjoe_overflow_chevrons,
          kennysheep_generic_room_14
D:4:      minmay_angry_zag, layout_loops_corners, zin_statuary, uniq_edmund

Skill      XL: |  1  2  3  4  5 |
---------------+----------------+-----
Axes           | 2 3 4 5 |  5.5
Fighting       | 4 |  4.3
Armour         | |  3.2
Shields        | |  3.2

Action                     |  1- 3 |  4- 6 || total
---------------------------+-------+-------++-------
  Melee: War axe           |   159 |   141 ||   300
  Throw: Boomerang         |     9 |    34 ||    43
    Use: Scroll            |     3 |     4 ||     7
         Potion            |     1 |     1 ||     2
 Armour: Scale mail        |    96 |    34 ||   130
         Chain mail        |       |    45 ||    45
  Dodge: Dodged            |    88 |    62 ||   150
  Block: Buckler           |    34 |    26 ||    60

Table legend:
 A = Non-vault XP
 B = Vault XP
 C = Vault XP percentage of total XP
 D = Non-vault monster count
 E = Vault monster count
 F = Vault count percentage of total count
                 A         B        C        D         E       F
            +---------+---------+-------+---------+---------+-------
      Total |     457 |       5 |   1.1 |      87 |       1 |   1.1
            +---------+---------+-------+---------+---------+-------
        D:1 |      57 |       0 |   0.0 |      33 |       0 |   0.0
        D:2 |      44 |       0 |   0.0 |      16 |       0 |   0.0
        D:3 |     169 |       5 |   2.9 |      26 |       1 |   3.7
        D:4 |     187 |       0 |   0.0 |      12 |       0 |   0.0
            +---------+---------+-------+---------+---------+-------
